 Dungeon Crawl Stone Soup version 0.32-a0-898-g7811c86cf0 (webtiles) character file.

Game seed: 15362007399366736607

2707 jabisky the Spear-Bearer (level 9, -7/63 (64) HPs)
             Began as a Formicid Fighter on Apr 5, 2024.
             Was a Follower of Okawaru.
             Mangled by a killer bee (8 damage)
             ... on level 9 of the Dungeon.
             The game lasted 00:10:37 (8385 turns).

jabisky the Spear-Bearer (Formicid Fighter)         Turns: 8385, Time: 00:10:37

HP:   -7/63 (64)    AC:  7    Str: 25    XL:     9   Next: 97%
MP:   9/9           EV:  9    Int:  6    God:    Okawaru [*.....]
Gold: 309           SH:  5    Dex: 17    Spells: 8/8 levels left

rFire   + . .        a - +0 trident
rCold   . . .        c - +0 buckler
rNeg    . . .        y - +1 ring mail {rF+}
rPois   .            (helmet unavailable)
rElec   .            (no cloak)
rCorr   .            m - +0 pair of gloves
SInv    +            (no boots)
Will    +....        (no amulet)
Stlth   +            l - ring of willpower
HPRegen 0.30/turn    (no ring)
MPRegen 0.11/turn

%: no passive effects
@: lethally poisoned (-7 -> -10), lightly drained
A: permanent stasis, dig shafts and tunnels, antennae 3, four strong arms, agile
1, high MP 1, persistent drain
a: Dig, Shaft Self, Renounce Religion, Heroism


You were on level 9 of the Dungeon.
You worshipped Okawaru.
Okawaru was aware of your devotion.
You visited 1 branch of the dungeon, and saw 9 of its levels.

You collected 309 gold pieces.

Inventory:

Hand Weapons
 a - a +0 trident (weapon)
Armour
 b - a +0 scale mail
 c - a +0 buckler (worn)
 m - a +0 pair of gloves (worn)
 y - a +1 ring mail of fire resistance (worn)
Magical Staves
 k - a staff of conjuration
Jewellery
 l - a ring of willpower (left hand)
Scrolls
 e - 11 scrolls of identify {unknown}
 f - 4 scrolls of teleportation {unknown}
 i - 2 scrolls of fear {unknown}
 n - a scroll of enchant armour {unknown}
 o - a scroll of vulnerability {unknown}
 q - 2 scrolls of amnesia {unknown}
 s - 3 scrolls of brand weapon {unknown}
 t - 3 scrolls of noise {unknown}
 x - 2 scrolls of silence {unknown}
 A - a scroll of torment {unknown}
 B - a scroll of revelation {unknown}
Potions
 d - a potion of might
 g - 3 potions of ambrosia {unknown}
 h - a potion of lignification {unknown}
 j - 3 potions of curing {unknown}
 p - 3 potions of heal wounds {unknown}
 r - a potion of magic {unknown}
 u - 3 potions of enlightenment {unknown}
 v - 2 potions of mutation
 w - a potion of degeneration {unknown}
 z - a potion of attraction {unknown}


   Skills:
 - Level 3.2 Fighting
 + Level 12.9 Polearms
 - Level 3.2 Armour
 - Level 4.0 Shields


You had 8 spell levels left.
You didn't know any spells.
Your spell library contained the following spells:

 Spells                   Type           Power      Damage    Failure   Level
 Magic Dart               Conj           0%         1d3       65%         1
 Sting                    Conj/Alch      0%         1d3       65%         1
 Ensorcelled Hibernation  Hex/Ice        0%         N/A       80%         2
 Mercury Vapours          Alch/Air       0%         N/A       80%         2
 Searing Ray              Conj           0%         2d4       80%         2
 Frozen Ramparts          Ice            0%         1d1       95%         3
 Inner Flame              Hex/Fire       0%         N/A       95%         3
 Mephitic Cloud           Conj/Alch/Air  0%         N/A       95%         3
 Ozocubu's Armour         Ice            0%         N/A       95%         3
 Passwall                 Erth           0%         N/A       95%         3
 Volatile Blastmotes      Fire/Tloc      0%         2d10      95%         3
 Flame Wave               Conj/Fire      0%         2d4       100%        4
 Fulminant Prism          Conj/Alch      0%         3d5       100%        4
 Olgreb's Toxic Radiance  Alch           0%         N/A       100%        4
 Passage of Golubria      Tloc           0%         N/A       100%        4
 Sticky Flame             Fire/Alch      0%         2d4       100%        4
 Freezing Cloud           Conj/Ice/Air   0%         6-21      100%        5
 Metabolic Englaciation   Hex/Ice        0%         N/A       100%        5
 Yara's Violent Unravell  Hex/Alch       0%         3d3       100%        5
 Bombard                  Conj/Erth      0%         9d1       100%        6
 Blink                    Tloc           Unusable   N/A       N/A         2
 Call Imp                 Summ           Unusable   N/A       N/A         2
 Swiftness                Air            Unusable   N/A       N/A         3
 Tukima's Dance           Hex            Unusable   N/A       N/A         3
 Vhi's Electric Charge    Tloc/Air       Unusable   N/A       N/A         4

Dungeon Overview and Level Annotations

Branches:
Dungeon (10/15)            Temple (0/1) D:6
   Lair: D:8-11         Orc: D:9-12

Altars:
Cheibriados
Dithmenos
Elyvilon
Gozag
Makhleb
Okawaru
Ru
Xom

Shops:
D:3 [

Annotations:
D:6 Duvessa
D:10 Snorg


Innate Abilities, Weirdness & Mutations

You cannot be hasted, slowed, berserked, paralysed or teleported.
You can dig through walls and to a lower floor.
You have a pair of large antennae on your head. (SInv)
Your four strong arms can wield two-handed weapons with a shield.
You are agile. (Dex +4, Str/Int -1)
You have an increased reservoir of magic. (+10% MP)
Your health recovers twice as slowly from being drained.


Message History

You barely miss the killer bee. You block the killer bee's attack.
You hit the killer bee.
The killer bee is lightly wounded.
The killer bee closely misses you. The killer bee barely misses you.
You miss the killer bee.
The killer bee is lightly wounded.
The killer bee stings you.
* * * LOW HITPOINT WARNING * * *
You take 1 damage, and have 15/63 hp.
You barely miss the killer bee.
The killer bee is lightly wounded.
The killer bee stings you.
* * * LOW HITPOINT WARNING * * *
You are poisoned.
The killer bee poisons you!
You take 1 damage, and have 14/63 hp.
You closely miss the killer bee.
The killer bee is lightly wounded.
You feel sick. You block the killer bee's attack. x2
You take 2 damage, and have 12/63 hp.
You miss the killer bee.
The killer bee is lightly wounded.
You feel sick.
The killer bee stings you but does no damage.
You barely miss the killer bee.
The killer bee is lightly wounded.
You feel sick. The killer bee stings you!
* * * LOW HITPOINT WARNING * * *
You take 8 damage, and have 4/63 hp.
You barely miss the killer bee.
The killer bee is lightly wounded.
The killer bee stings you.
* * * LOW HITPOINT WARNING * * *
You take 2 damage, and have 2/63 hp.
It was a potion of mutation.
You feel extremely strange.
You begin to recover more slowly from draining effects.
You feel more energetic.
You feel agile.
* * * LOW HITPOINT WARNING * * *
You feel sick. The killer bee stings you!
You die...

+........... #.#
#..[##############.# .,
#.....)..........#.####
.Y
+......................
...
,#.†.############.######
....##...# #.#
.........# #.#
#####.y.y#### #.#
#.#'#.#@# #.# #.#.##y##
#.# #.#.#### #.# { #.#.#
#.# #.# #.# #.# #.# #.#


You could see a killer bee.

Vanquished Creatures
  Pikel (D:4)
  Grinder (D:5)
  Sigmund (D:6)
  A wyvern (D:9)
  Menkaure (D:4)
  Edmund (D:5)
  An ice beast (D:5)
  An orc warrior (D:6)
  A sky beast (D:7)
  3 lemures (D:4)
  A centaur (D:6)
  3 phantoms
  2 bullfrogs
  Dowan (D:6)
  A killer bee (D:9)
  2 howler monkeys (D:9)
  2 bombardier beetles
  4 hounds
  2 orc priests
  A jelly (D:5)
  A gnoll bouda (D:7)
  Ijyb (D:4)
  An iguana (D:6)
  2 orc wizards
  Robin (D:3)
  3 gnolls (D:7)
  5 adders
  3 shadow imps
  A white imp (D:5)
  2 ufetubi (D:6)
  2 dart slugs (D:1)
  2 ribbon worms
  12 orcs
  6 endoplasms
  3 giant cockroaches
  9 goblins
  7 hobgoblins
  4 jackals (D:1)
  7 kobolds
  A quokka (D:3)
  9 ball pythons
  A bat (D:2)
  3 frilled lizards
  3 rats
120 creatures vanquished.

Notes
Turn   | Place    | Note
-------+----------+-------------------------------------------
     0 | D:1      | jabisky the Formicid Fighter began the quest for the Orb.
     0 | D:1      | Reached XP level 1. HP: 18/18 MP: 1/1
   129 | D:1      | Reached XP level 2. HP: 24/24 MP: 2/2
   167 | D:1      | Reached skill level 3 in Polearms
   320 | D:1      | Reached XP level 3. HP: 24/29 MP: 3/3
  1174 | D:2      | Reached skill level 4 in Polearms
  1174 | D:2      | Reached XP level 4. HP: 28/35 MP: 4/4
  1473 | D:3      | Noticed Robin
  1775 | D:3      | Killed Robin
  1905 | D:3      | Reached skill level 5 in Polearms
  1905 | D:3      | Reached XP level 5. HP: 22/37 MP: 5/5
  2190 | D:3      | Noticed an ogre
  2193 | D:3      | Reached XP level 6. HP: 40/45 MP: 6/6
  2369 | D:3      | Found a faded altar of an unknown god.
  2445 | D:3      | Found a shadowy altar of Dithmenos.
  2555 | D:3      | Found Ijestim's Antique Armour Boutique.
  2748 | D:4      | Reached skill level 6 in Polearms
  3588 | D:4      | Noticed Pikel
  3625 | D:4      | Found a sacrificial altar of Ru.
  3629 | D:4      | Found an iron altar of Okawaru.
  3629 | D:4      | Found a shimmering altar of Xom.
  3629 | D:4      | Found an opulent altar of Gozag.
  3632 | D:4      | You fall into a shaft and drop 3 floors!
  3812 | D:7      | Reached XP level 7. HP: 38/51 MP: 7/7
  3832 | D:7      | Reached skill level 7 in Polearms
  4188 | D:7      | Found a white marble altar of Elyvilon.
  4212 | D:6      | Noticed Dowan
  4223 | D:6      | Reached skill level 8 in Polearms
  4225 | D:6      | Reached XP level 8. HP: 18/58 MP: 8/8
  4226 | D:6      | Killed Dowan
  4651 | D:6      | Identified the +5 ring mail of Privacy {rF+ rN+ Str+3}
  4651 | D:6      | Noticed Duvessa
  4654 | D:5      | Entered Level 5 of the Dungeon
  4661 | D:5      | Noticed Grinder
  4671 | D:5      | Killed Grinder
  4672 | D:5      | Reached skill level 9 in Polearms
  4987 | D:5      | Reached skill level 10 in Polearms
  5015 | D:5      | Noticed Edmund
  5037 | D:4      | Found a snail-covered altar of Cheibriados.
  5081 | D:4      | Noticed Ijyb
  5087 | D:4      | Killed Ijyb
  5268 | D:4      | Noticed Menkaure
  5273 | D:4      | Killed Pikel
  5274 | D:4      | Reached skill level 11 in Polearms
  5274 | D:4      | Reached XP level 9. HP: 11/64 MP: 9/9
  5277 | D:4      | Killed Menkaure
  6146 | D:4      | Became a worshipper of Warmaster Okawaru
  6236 | D:5      | Killed Edmund
  6572 | D:5      | Reached skill level 12 in Polearms
  7324 | D:6      | Noticed Sigmund
  7347 | D:6      | Killed Sigmund
  7613 | D:6      | Found a burning altar of Makhleb.
  7630 | D:6      | Found a staircase to the Ecumenical Temple.
  7714 | D:6      | You fall into a shaft and drop 3 floors!
  8183 | D:9      | Noticed a two-headed ogre
  8216 | D:9      | You fall into a shaft and drop 1 floor!
  8216 | D:10     | Entered Level 10 of the Dungeon
  8253 | D:10     | Noticed Snorg
  8256 | D:10     | Noticed a gargoyle
  8367 | D:9      | Reached * piety under Okawaru
  8384 | D:9      | HP: 2/63 [killer bee (2)]
  8385 | D:9      | Gained mutation: Your health recovers twice as slowly from
                  | being drained. [potion of mutation]
  8385 | D:9      | Gained mutation: You have an increased reservoir of magic.
                  | (+10% MP) [potion of mutation]
  8385 | D:9      | Gained mutation: You are agile. (Dex +4, Str/Int -1)
                  | [potion of mutation]
  8385 | D:9      | Mangled by a killer bee

Illustrated notes

Levels and vault maps discovered:
D:1:      erik_arrival_blinker_ship, layout_basic
D:2:      layout_basic
D:3:      layout_loops_ring, nicolae_dithmenos_shadow_blocks,
          shapermc_ecumenical_altar_mp_highgroup, serial_shops, shop,
          kennysheep_crisscross, uniq_robin
D:4:      layout_cave_pods, mainiacjoe_overflow_brackets,
          grunt_temple_overflow_open, uniq_pikel, uniq_ijyb, uniq_menkaure
D:5:      layout_basic, grunt_decor_resistance, uniq_edmund, uniq_grinder
D:6:      layout_loops_ring, mainiacjoe_overflow_six_doors_small,
          minmay_temple_entry_tees, serial_rivers,
          chequers_serial_rivers_room_b, chequers_serial_rivers_room_b,
          chequers_serial_rivers_large_a, chequers_serial_rivers_marsh,
          chequers_serial_rivers_micro_d, uniq_duvessa, uniq_sigmund
D:7:      layout_rooms, mainiacjoe_overflow_surrounded_room, enter_bailey_3,
          serial_shops, shop, uniq_joseph
D:9:      layout_basic, amcnicky_altar_gilded, lair_entry_dummy
D:10:     lemuel_reptile_caves, layout_loops_cross, marbit_many_paths,
          item_on_display_a, uniq_snorg

Skill      XL: |  1  2  3  4  5  6  7  8  9 |
---------------+----------------------------+-----
Polearms       | 3 4 5 6 8 11 12 | 12.9
Fighting       | |  3.2
Armour         | |  3.2
Shields        | |  4.0

Action                     |  1- 3 |  4- 6 |  7- 9 || total
---------------------------+-------+-------+-------++-------
  Melee: Trident           |   103 |   179 |   273 ||   555
Ability: Dig               |       |     5 |     5 ||    10
         Shaft Self        |       |     1 |     2 ||     3
  Evoke: Wand              |       |       |    25 ||    25
    Use: Potion            |       |       |     2 ||     2
 Armour: Scale mail        |    54 |   104 |   120 ||   278
         Ring mail         |       |       |    27 ||    27
  Dodge: Dodged            |    42 |    61 |    88 ||   191
  Block: Buckler           |    21 |    40 |    34 ||    95

Table legend: (Time is in decaauts)
 A = Elapsed time spent in this place.
 B = Non-inter-level travel time spent in this place.
 C = Inter-level travel time spent in this place.
 D = Time resting spent in this place.
 E = Time spent auto-exploring this place.
 F = Levels seen in this place.
 G = Mean time per level.
                   A        B        C        D        E       F      G
               +--------+--------+--------+--------+--------+-----+--------+
         Total |   8362 |   8145 |    217 |   3016 |   3678 |   9 |  929.1 |
       Dungeon |   8362 |   8145 |    217 |   3016 |   3678 |   9 |  929.1 |
               +--------+--------+--------+--------+--------+-----+--------+

Top non-repeatable levels by time:
     D:4: 2149 daAuts
     D:6: 1215 daAuts
     D:5: 1105 daAuts
     D:1: 938 daAuts
     D:2: 893 daAuts
     D:3: 822 daAuts
     D:9: 613 daAuts
     D:7: 579 daAuts
    D:10: 45 daAuts
